Map: Oxide LE

Players

Lambo - Winner!

  • Race: Zerg Zerg
  • League: Grandmaster

HeroMarine

  • Race: Terran Terran
  • League: Master

Event: DreamHack SC2 Masters 2021 Summer

VOD

Have the link to the VOD?

Description

Time

  • Played on: June 5, 2021, 2:08 p.m.
  • Length: 10:31

All games in this series

Show
View Real Time Build Order
Export as new Build Order

Lambo Zerg - Winner!

Build Orders: Hatch First 

Get SALT Encoding   

  12  0:00  Drone  
  13  0:12  Overlord  
  13  0:17  Drone  
  14  0:30  Drone x2  
  16  0:47  Hatchery  
  15  0:51  Drone  
  15  0:54  Drone  
  17  0:57  Drone  
  18  1:07  Extractor  
  17  1:12  Spawning Pool  
  17  1:16  Drone  
  17  1:19  Drone  
  18  1:28  Drone  
  19  1:40  Drone  
  20  1:49  Drone  
  21  2:00  Queen x2  
  21  2:01  Zergling x4  
  27  2:10  Drone, Overlord  
  28  2:23  Hatchery  
  28  2:25  Drone  
  28  2:32  Drone x2  
  28  2:34  Spore Crawler  
  29  2:37  Spore Crawler  
  29  2:41  Drone, Queen  
  33  2:47  Overlord  
  33  2:50  Metabolic Boost  
  33  2:53  Drone  
  33  2:58  Drone x2  
  36  3:07  Drone  
  36  3:12  Queen  
  37  3:14  Overlord  
  37  3:15  Drone x2  
  37  3:18  Drone  
  42  3:20  Drone  
  43  3:27  Drone  
  43  3:31  Queen  
  43  3:32  Drone  
  43  3:33  Drone  
  48  3:35  Queen  
  52  3:41  Drone x2  
  52  3:44  Drone x2  
  52  3:45  Drone  
  52  3:46  Drone  
  56  3:49  Overlord  
  56  3:52  Drone  
  57  3:58  Overlord  
  57  4:02  Drone  
  58  4:08  Drone x6  
  64  4:11  Queen  
  64  4:16  Drone  
  67  4:19  Lair  
  67  4:21  Extractor  
  67  4:22  Drone  
  67  4:27  Zergling x2  
  67  4:28  Zergling x4  
  67  4:29  Drone x3  
  72  4:34  Drone  
  72  4:37  Drone, Baneling Nest  
  73  4:44  Overlord  
  73  4:49  Overlord  
  73  4:53  Spore Crawler x2, Overlord  
  73  4:54  Spore Crawler  
  73  4:55  Hatchery  
  69  5:04  Zergling x6  
  69  5:05  Drone, Overlord  
  73  5:09  Queen  
  73  5:10  Extractor x2  
  73  5:12  Drone x6  
  79  5:15  Drone  
  79  5:18  Overseer  
  79  5:19  Overseer  
  80  5:21  Drone x8  
  80  5:26  Baneling x2  
  80  5:27  Drone  
  89  5:30  Drone  
  90  5:35  Drone x2  
  90  5:36  Drone x2, Centrifical Hooks  
  90  5:39  Zergling x2, Evolution Chamber  
  90  5:41  Evolution Chamber  
  93  5:45  Zergling x4  
  95  5:57  Zergling x4  
  95  5:58  Overlord x3  
  95  5:59  Overlord  
  95  6:02  Hatchery, Overlord  
  95  6:03  Overlord  
  96  6:07  Drone x5  
  96  6:08  Drone  
  100  6:11  Drone x2  
  100  6:13  Zerg Melee Weapons Level 1  
  102  6:19  Zerg Ground Armor Level 1  
  102  6:20  Zergling x6  
  102  6:21  Drone  
  102  6:25  Zergling x2, Spore Crawler  
  105  6:26  Zergling x6  
  105  6:32  Zergling x10  
  114  6:37  Queen  
  115  6:41  Zergling x12  
  115  6:43  Baneling x5  
  115  6:46  Zergling x2  
  121  6:51  Zergling x6  
  124  6:57  Zergling x8  
  124  7:00  Baneling x6  
  128  7:01  Zergling x8  
  128  7:02  Baneling  
  128  7:03  Baneling x11  
  132  7:14  Zergling x2  
  132  7:15  Zergling x12  
  139  7:18  Drone x3  
  139  7:20  Hatchery  
  133  7:28  Zergling x14  
  136  7:31  Zergling x14  
  136  7:33  Overlord  
  136  7:34  Baneling x3  
  141  7:40  Zergling x6  
  141  7:42  Overlord  
  142  7:47  Zergling x12  
  137  7:51  Zergling x2  
  137  7:52  Baneling x9  
  137  7:53  Zergling x10  
  137  7:55  Baneling  
  137  7:56  Baneling x5  
  137  7:57  Zergling x2  
  141  7:59  Zergling x6  
  141  8:02  Zergling x2  
  141  8:03  Zergling x2  
  141  8:04  Queen  
  145  8:07  Zergling x8  
  145  8:09  Zergling x2  
  145  8:11  Zergling x2  
  139  8:15  Zergling x6  
  136  8:20  Zergling x6  
  136  8:21  Infestation Pit  
  136  8:23  Zergling x2  
  131  8:27  Zergling x8  
  131  8:31  Zergling x2  
  131  8:33  Zergling x4  
  136  8:35  Zergling x2  
  136  8:37  Zergling x2  
  136  8:40  Zergling x2  
  136  8:45  Zergling x6  
  136  8:46  Zergling x4  
  136  8:48  Zergling x4  
  133  8:52  Zergling x8  
  133  8:54  Zergling x2  
  134  8:57  Zergling x2  
  134  8:59  Zergling x2  
  134  9:00  Zergling x4  
  134  9:01  Queen x2  
  141  9:02  Baneling x8  
  141  9:03  Baneling x5  
  141  9:05  Zergling x2  
  141  9:06  Baneling x2  
  141  9:08  Zergling x2  
  141  9:09  Baneling x5  
  140  9:11  Zergling x12  
  140  9:15  Zergling x2  
  147  9:22  Zergling x12  
  149  9:26  Overseer  
  149  9:33  Baneling  
  149  9:34  Spore Crawler  
  148  9:40  Zergling x24, Overlord  
  148  9:41  Baneling x9  
  149  9:48  Queen  
  149  9:52  Overlord  
  149  9:53  Baneling x5, Overlord  
  149  9:54  Overlord  
  149  9:58  Zergling x18  
  158  10:06  Zergling x4  
  156  10:08  Zergling x4  
  156  10:11  Zergling x2  
  156  10:12  Zergling x2  
Show
View Real Time Build Order
Export as new Build Order

HeroMarine Terran 

Build Orders: Reaper Expand, Hellion Banshee 

Get SALT Encoding   

  12  0:00  SCV  
  13  0:12  SCV  
  14  0:17  Supply Depot  
  14  0:24  SCV  
  15  0:38  SCV  
  15  0:39  Barracks  
  16  0:43  Refinery  
  16  0:50  SCV  
  17  1:03  SCV  
  18  1:15  SCV  
  19  1:26  Reaper  
  19  1:27  Orbital Command  
  20  1:39  Command Center  
  20  1:47  Supply Depot  
  20  1:52  SCV  
  21  1:58  Marine  
  22  2:04  SCV  
  22  2:08  Factory  
  23  2:16  SCV  
  23  2:22  Barracks Reactor  
  24  2:29  SCV  
  25  2:41  SCV  
  25  2:42  Command Center  
  26  2:51  Orbital Command  
  26  2:53  SCV  
  27  3:00  Starport  
  27  3:05  SCV  
  28  3:06  Refinery  
  28  3:11  Hellion  
  29  3:13  Hellion  
  29  3:17  SCV  
  29  3:18  SCV  
  33  3:20  Barracks Tech Lab  
  33  3:29  SCV  
  33  3:31  SCV  
  33  3:33  Hellion  
  37  3:35  Hellion  
  39  3:41  SCV  
  39  3:43  SCV, Banshee  
  44  3:53  SCV  
  44  3:54  Orbital Command  
  44  3:55  SCV, Cloaking Field  
  46  3:57  Hellion  
  46  4:00  Hellion  
  50  4:05  SCV  
  50  4:07  SCV  
  50  4:09  Supply Depot  
  52  4:11  Barracks Tech Lab  
  52  4:17  SCV  
  52  4:19  SCV, Hellion  
  52  4:20  SCV  
  52  4:22  Hellion  
  59  4:30  SCV, Banshee  
  63  4:31  SCV  
  63  4:33  SCV  
  63  4:35  Supply Depot  
  63  4:37  Marine, Stimpack  
  66  4:42  SCV  
  66  4:43  SCV  
  69  4:48  Orbital Command  
  69  4:49  Barracks, Factory Reactor  
  69  4:50  Barracks  
  68  4:54  SCV  
  68  4:55  Refinery  
  68  4:56  Refinery  
  68  4:57  SCV, Marine  
  71  5:01  Supply Depot  
  71  5:05  Engineering Bay x2  
  71  5:06  SCV  
  72  5:09  SCV  
  73  5:15  Marine  
  73  5:17  SCV  
  73  5:18  SCV  
  76  5:21  SCV, Starport Reactor  
  76  5:24  Barracks  
  76  5:25  Barracks  
  77  5:29  SCV  
  77  5:30  SCV  
  77  5:32  Marine  
  77  5:33  SCV, Terran Infantry Weapons Level 1  
  77  5:34  Terran Infantry Armor Level 1  
  81  5:41  SCV  
  81  5:42  SCV  
  83  5:43  Supply Depot  
  83  5:44  Supply Depot  
  83  5:45  SCV  
  83  5:47  Supply Depot  
  83  5:48  Marine  
  85  6:04  SCV x3, Marine x2, Siege Tank  
  85  6:06  Marine x3, Medivac, Supply Depot  
  85  6:08  Supply Depot  
  98  6:11  Barracks Reactor x2  
  98  6:12  Supply Depot  
  98  6:16  SCV x3  
  101  6:21  Barracks  
  101  6:22  Barracks, Marine x2  
  101  6:23  Barracks, Combat Shield  
  103  6:28  Supply Depot  
  103  6:29  Marine x2  
  103  6:30  Armory  
  103  6:31  Marine  
  106  6:40  Marine x2  
  106  6:41  Siege Tank  
  106  6:42  Medivac  
  106  6:45  Medivac  
  115  6:47  Marine x2, Supply Depot  
  115  6:49  Supply Depot  
  115  6:50  Marine  
  115  6:51  Marine  
  115  6:53  Marine x2  
  121  6:55  Marine  
  121  6:57  Marine  
  123  7:04  Marine  
  123  7:05  Marine  
  123  7:06  Marine  
  123  7:07  Marine  
  127  7:08  Marine  
  127  7:09  Marine  
  129  7:15  Marine  
  129  7:16  Marine x2  
  129  7:17  Siege Tank  
  131  7:23  Medivac x2  
  131  7:24  Marine  
  131  7:27  Marine x2  
  131  7:29  Marine  
  132  7:30  Marine, Supply Depot x2  
  132  7:31  Supply Depot  
  132  7:32  Supply Depot  
  132  7:35  Orbital Command, Supply Depot  
  132  7:36  Marine  
  125  7:38  Marine x2  
  125  7:39  Supply Depot x2  
  125  7:42  Terran Infantry Weapons Level 2  
  127  7:47  Marine  
  127  7:49  Marine  
  127  7:51  Marine  
  119  7:54  Marine  
  119  7:55  Marine  
  119  7:56  Marine  
  117  8:01  Medivac  
  117  8:04  Marine x2  
  119  8:06  Marine  
  115  8:17  SCV x3  
  110  8:20  Marine x2  
  110  8:24  Marine x2  
  104  8:32  Marine  
  106  8:34  Marine x2  
  106  8:36  Marine  
  106  8:39  Marine x2  
  106  8:41  Marine x4  
  106  8:42  Marine x2  
  106  8:50  Marine  
  106  8:52  Marine x2, Siege Tank  
  106  8:54  Marine  
  111  8:57  Marine x2  
  111  8:58  Marine  
  111  8:59  Marine x4  
  111  9:00  Liberator, Marine  
  111  9:01  Liberator  
  124  9:08  Marine  
  125  9:10  Marine x2  
  125  9:12  Marine  
  125  9:14  Marine  
  125  9:15  Marine  
  125  9:16  Marine x3  
  127  9:25  Marine x3  
  127  9:30  Siege Tank  
  133  9:32  Marine  
  133  9:34  Marine  
  138  9:40  Marine  
  138  9:42  Marine x5  
  138  9:43  Marine  
  142  9:47  Marine  
  142  9:48  Marine  
  142  9:49  Marine  
  142  9:50  Marine  
  142  9:52  Marine  
  145  10:01  Medivac x2  
  145  10:04  Marine x2  
  145  10:05  Marine  
  152  10:11  Marine x3  
Tags
 
Add a new tag
Caveats
  • Supply blocks, unpowered buildings, or Contaminate may cause inaccurate times.
  • Supply counts are checked every 10 seconds.